 Dungeon Crawl Stone Soup version 0.25-a0-479-g8579842fd4 (webtiles) character file.

Game seed: 12772987548432281316, levelgen mode: deterministic

72 Notrik the Skirmisher (level 4, 44/44 HPs)
             Began as a Minotaur Fighter on Feb 9, 2020.
             Was an Initiate of Kikubaaqudgha.
             Got out of the dungeon alive.
             The game lasted 00:02:59 (1144 turns).

Notrik the Skirmisher (Minotaur Fighter)            Turns: 1144, Time: 00:03:00

Health: 44/44      AC:  6    Str: 22    XL:     4   Next: 6%
Magic:  3/3        EV:  7    Int:  5    God:    Kikubaaqudgha [......]
Gold:   86         SH:  9    Dex:  9    Spells: 3/3 levels left

rFire    . . .     SeeInvis .   a - +0 war axe
rCold    . . .     Gourm    .   c - +0 shield
rNeg     . . .     Faith    .   b - +0 scale mail
rPois    .         Spirit   .   (helmet restricted)
rElec    .         Reflect  .   (no cloak)
rCorr    .         Harm     .   (no gloves)
MR       .....                  (no boots)
Stlth    ..........             (no amulet)
HPRegen  0.14/turn              (no ring)
MPRegen  0.08/turn              (no ring)

@: no status effects
A: retaliatory headbutt, horns 2
a: Renounce Religion


You escaped.
You worshipped Kikubaaqudgha.
Kikubaaqudgha was noncommittal.
You were not hungry.

You visited 1 branch of the dungeon, and saw 2 of its levels.

You collected 86 gold pieces.

Inventory:

Hand Weapons
 a - a +0 war axe (weapon)
 i - a +0 spear of flaming
   (You found it on level 1 of the Dungeon)
Armour
 b - a +0 scale mail (worn)
 c - a +0 shield (worn)
 q - a cursed +0 chain mail
   (You found it on level 2 of the Dungeon)
Scrolls
 g - a scroll of magic mapping {unknown}
 k - 2 scrolls of remove curse {unknown}
 l - 3 scrolls of identify {unknown}
 m - a scroll of fog {unknown}
 n - a scroll of fear {unknown}
 o - a scroll of blinking {unknown}
Potions
 d - a potion of might
 h - 2 potions of ambrosia {unknown}
 j - a potion of curing {unknown}
 p - a potion of flight {unknown}
Comestibles
 e - 7 rations {!d}
 f - 3 chunks of flesh


   Skills:
 + Level 6.0 Fighting
 - Level 2.4 Axes
 - Level 3.6 Armour
 - Level 3.6 Shields


You had 3 spell levels left.
You didn't know any spells.
Your spell library was empty.

Dungeon Overview and Level Annotations

Branches:
Dungeon (2/15)

Altars:
Kikubaaqudgha


Innate Abilities, Weirdness & Mutations

You reflexively headbutt those who attack you in melee.
You have a pair of horns on your head.


Message History

Found a glowing chain mail.
Found a ration.
No target in view!
Found 8 gold pieces.
Found a ration.
You see here a glowing chain mail.
q - a glowing chain mail
e - 6 rations {!d} (gained 1)
You now have 64 gold pieces (gained 8).
Some of the chunks of flesh in your inventory have rotted away.
e - 7 rations {!d} (gained 1) Eating one of 5 chunks of flesh.
You eat one of the 5 chunks of flesh.
Found 12 gold pieces.
Found 3 javelins.
Found an ancient bone altar of Kikubaaqudgha.
Found a dagger.
You now have 76 gold pieces (gained 12).
A goblin comes into view.
The goblin shouts!
The goblin moves out of view.
You closely miss the goblin. Your headbutt misses the goblin.
You block the goblin's attack. The goblin hits you but does no damage.
You barely miss the goblin. The goblin hits you.
You slash the goblin!
You kill the goblin!
Some of the chunks of flesh in your inventory have rotted away.
There is an ancient bone altar of Kikubaaqudgha here.
You kneel at the altar of Kikubaaqudgha.
Kikubaaqudgha welcomes you!
You offer a prayer to Kikubaaqudgha.
Unknown command.
Press < or > to pray at altars.
You now have 86 gold pieces (gained 10).
You butcher the goblin corpse.
f - 5 chunks of flesh (gained 3)
You see here a goblin skeleton. x2
Found a scroll labeled DETENKENUE.
There is a stone staircase leading up here.
An escape hatch in the ceiling.
You climb upwards.
Some of the chunks of flesh in your inventory have rotted away.
There is a stone staircase leading down here.
There is an open door here.
There is a staircase leading out of the dungeon here.
Are you sure you want to leave the Dungeon?
This will make you lose the game!
Uppercase [Y]es or [N]o only, please.
Are you sure you want to leave the Dungeon?
This will make you lose the game! [Y]es or [N]o only, please.
Are you sure you want to leave the Dungeon?
This will make you lose the game!
You have escaped!

#.# #........#.#..........
### #.#
#..####..#.#.......... ..#
#.# ##.####..#.#..........
..# #.#
#.+.##..#.#.......... ..#
#.####.#.#................
..#
##......#.###.##...รท.....##
..# #.......#.#
#^##.........# ..#
#.......#.###.##.........#
..#
#.......'.@##.##.........#
..#
#.......#.###.##.........#
..# #.....).#.#
#.##.).......## ..#
#.......#.# #.#########.#..
..# #.......#.# #.# #.#.#
..# #.......'.# #.# #.#.#
### #######.#####.# #.#.#
#....##.# #.#.#
######.##.#########.#.#


There were no monsters in sight!

Vanquished Creatures
  3 adders (D:2)
  2 worms (D:2)
  A dart slug (D:2)
  2 leopard geckos
  6 bats
  A giant cockroach (D:1)
  5 goblins
  3 hobgoblins
  2 jackals (D:1)
  A ball python (D:1)
  4 frilled lizards
  5 kobolds
  4 rats
39 creatures vanquished.

Notes
Turn   | Place    | Note
-------+----------+-------------------------------------------
     0 | D:1      | Notrik the Minotaur Fighter began the quest for the Orb.
     0 | D:1      | Reached XP level 1. HP: 19/19 MP: 0/0
   123 | D:1      | Reached skill level 4 in Fighting
   183 | D:1      | Reached XP level 2. HP: 28/28 MP: 1/1
   713 | D:2      | Reached skill level 5 in Fighting
   737 | D:2      | Reached XP level 3. HP: 34/36 MP: 2/2
   873 | D:2      | Reached skill level 6 in Fighting
   873 | D:2      | Reached XP level 4. HP: 35/44 MP: 3/3
  1041 | D:2      | Found an ancient bone altar of Kikubaaqudgha.
  1075 | D:2      | Became a worshipper of Kikubaaqudgha
  1144 | D:$      | Got out of the dungeon alive.

Levels and vault maps discovered:
D:1:      minmay_arrival_three_doors, layout_basic, serial_bayou_lagoon_a
D:2:      layout_loops_ring, lemuel_round_altar, first_ration

Skill      XL: |  1  2  3 |
---------------+----------+-----
Fighting       | 4 5 6 |  6.0
Axes           | |  2.4
Armour         | |  3.6
Shields        | |  3.6

Action                   |  1- 3 |  4- 6 || total
-------------------------+-------+-------++-------
Melee: War axe           |    87 |     3 ||    90
       Headbutt          |     8 |       ||     8
  Eat: Chunk             |       |     1 ||     1
Armor: Scale mail        |    51 |     1 ||    52
Dodge: Dodged            |    33 |       ||    33
Block: Shield            |    42 |     1 ||    43

Table legend:
 A = Non-vault XP
 B = Vault XP
 C = Vault XP percentage of total XP
 D = Non-vault monster count
 E = Vault monster count
 F = Vault count percentage of total count
                 A         B        C        D         E       F
            +---------+---------+-------+---------+---------+-------
      Total |     103 |       0 |   0.0 |      39 |       0 |   0.0
            +---------+---------+-------+---------+---------+-------
        D:1 |      33 |       0 |   0.0 |      21 |       0 |   0.0
        D:2 |      70 |       0 |   0.0 |      18 |       0 |   0.0
            +---------+---------+-------+---------+---------+-------
